 Dungeon Sprint DCSS version 0.19.1 (webtiles) character file.

3423 dvd the Grappler (level 9, -2/101 HPs)
             Began as a Troll Berserker on Dec 14, 2016.
             Was a High Priest of Trog.
             Slain by a centaur warrior (16 damage)
             ... in the Dungeon (Sprint I: "Red Sonja").
             The game lasted 00:03:37 (690 turns).

dvd the Grappler (Troll Berserker)                   Turns: 690, Time: 00:03:37

Health: -2/101     AC:  6    Str: 27    XL:     9   Next: 76%
Magic:  8/8        EV: 15    Int:  3    God:    Trog [*****.]
Gold:   633        SH:  0    Dex: 12    Spells: 0 memorised, 8 levels left

rFire  . . .     SeeInvis .       - Unarmed
rCold  . . .     Gourm    +     a - +0 animal skin
rNeg   . . .     Faith    .     (no shield)
rPois  .         Spirit   .     (helmet restricted)
rElec  .         Reflect  .     k - +0 cloak (curse)
rCorr  .         Harm     .     (gloves unavailable)
MR     .....     NoTele   +     (boots unavailable)
Stlth  ++........               (no amulet)
                                (no ring)
                                j - +3 ring of slaying

@: exhausted
A: unfitting armour, claws 3, fast metabolism 3, gourmand, regeneration 1,
shaggy fur 1, tough skin 2
a: Berserk, Trog's Hand, Brothers in Arms, Burn Spellbooks, Renounce Religion


You were in the Dungeon.
You worshipped Trog.
Trog was extremely pleased with you.
You were near starving.

You visited 1 branch You collected 633 gold pieces.

Inventory:

Hand Weapons
 e - the +1 rapier "Legoh" {speed, SInv}
   (Trog gifted it to you in the Dungeon)

   Attacks with this weapon are significantly faster.
   It lets you see invisible.
Armour
 a - a +0 animal skin (worn)
 k - a cursed +0 cloak (worn)
Jewellery
 j - a +3 ring of slaying (left claw)
Wands
 l - a wand of enslavement (6/24)
Scrolls
 h - a scroll of blinking
 i - 2 scrolls of remove curse {unknown}
 m - a scroll of random uselessness {unknown}
Potions
 c - a potion of curing
 d - a potion of heal wounds
 f - 2 potions of magic
 g - a potion of berserk rage
Comestibles
 b - a bread ration


   Skills:
 + Level 9.7 Fighting
 + Level 11.0 Dodging
 + Level 1.0 Stealth
 + Level 14.9 Unarmed Combat


You had 8 spell levels left.
You didn't know any spells.

Dungeon Overview and Level Annotations

Branches:
Dungeon (1/1)

Altars:
Cheibriados
Dithmenos
Elyvilon
Fedhas
Gozag
Hepliaklqana
Kikubaaqudgha
Makhleb
Nemelex Xobeh
Okawaru
Qazlal
Ru
Sif Muna
Trog
Uskayaw
Vehumet
Xom
Yredelemnul
Zin
The Shining One
Jiyva
Lugonu

Shops:
D ([


Innate Abilities, Weirdness & Mutations

You are too large for most types of armour.
You have claws for hands.
Your metabolism is lightning-fast.
You like to eat raw meat.
Your natural rate of healing is unusually fast.
You are covered in fur. (AC +1)
You have very tough skin. (AC +2)


Message History

The centaur warrior is heavily wounded.
The centaur warrior barely misses you. The centaur warrior closely misses you.
You claw the centaur warrior!
The centaur warrior is severely wounded.
The centaur warrior hits you! The centaur warrior hits you.
You claw the centaur warrior!
The centaur warrior is almost dead.
The centaur warrior hits you!
* * * LOW HITPOINT WARNING * * *
The centaur warrior hits you.
* * * LOW HITPOINT WARNING * * *
Unknown command.
You claw the centaur warrior!
The centaur warrior is almost dead.
The centaur warrior hits you!
* * * LOW HITPOINT WARNING * * *
The centaur warrior hits you.
* * * LOW HITPOINT WARNING * * *
The centaur warrior hits you!
You die...

##########################
#..').#..'..#__#..))..#..#
'..#..').#..'..'..#..†##'#
#####'#####'#__####...'..#
####..#...#[####§§#####..+
#__####..##[#§§§§§# #+##
#_____##'#..+§§§c§+
#_.∩...'.(._#(§§@c#
#_..__##_.#'##'####
#_____###(#(#§(..###
#########.####'###.##
+...'.....'.∩#
#...########## ##.## #+#


You could see 2 centaur warriors.

Vanquished Creatures
  Sonja (D)
  A deep troll (D)
  2 kobold demonologists (D)
  4 demonic crawlers (D)
  A slime creature (D)
  Sigmund (D)
  A yak (D)
  A floating eye (D)
  An ogre (D)
  A jelly (D)
  Ijyb (D)
15 creatures vanquished.

Notes
Turn   | Place    | Note
-------+----------+-------------------------------------------
     0 | D        | dvd the Troll Berserker began the quest for the Orb.
     0 | D        | Reached XP level 1. HP: 22/22 MP: 0/0
     1 | D        | Noticed Ijyb
    16 | D        | Killed Ijyb
    16 | D        | Reached skill level 4 in Unarmed Combat
    16 | D        | Reached XP level 2. HP: 31/31 MP: 1/1
    25 | D        | Noticed an ogre
    28 | D        | Killed an ogre
    28 | D        | Reached skill level 5 in Dodging
    28 | D        | Reached skill level 6 in Unarmed Combat
    28 | D        | Reached XP level 3. HP: 41/41 MP: 2/2
    28 | D        | Reached XP level 4. HP: 49/49 MP: 3/3
    74 | D        | Noticed Sigmund
    89 | D        | Killed Sigmund
    89 | D        | Reached ** piety under Trog
    89 | D        | Reached skill level 8 in Unarmed Combat
    89 | D        | Reached XP level 5. HP: 59/59 MP: 4/4
    89 | D        | Reached XP level 6. HP: 67/67 MP: 5/5
   138 | D        | Found a deep blue altar of Sif Muna.
   140 | D        | Found a radiant altar of Vehumet.
   147 | D        | Found Vuimmysar's Antique Weapon Emporium.
   147 | D        | Found an ancient bone altar of Kikubaaqudgha.
   147 | D        | Found a hazy altar of Hepliaklqana.
   147 | D        | Found a stormy altar of Qazlal.
   147 | D        | Found a hide-covered altar of Uskayaw.
   147 | D        | Found a blossoming altar of Fedhas.
   147 | D        | Found a bloodstained altar of Trog.
   147 | D        | Found an iron altar of Okawaru.
   147 | D        | Found a basalt altar of Yredelemnul.
   147 | D        | Found a glowing golden altar of the Shining One.
   147 | D        | Found a snail-covered altar of Cheibriados.
   147 | D        | Found a sacrificial altar of Ru.
   147 | D        | Found a glowing silver altar of Zin.
   147 | D        | Found a shadowy altar of Dithmenos.
   147 | D        | Found a white marble altar of Elyvilon.
   147 | D        | Noticed a yak
   154 | D        | Killed a yak
   154 | D        | Reached skill level 9 in Unarmed Combat
   155 | D        | Found an opulent altar of Gozag.
   156 | D        | Found a sparkling altar of Nemelex Xobeh.
   219 | D        | Found a burning altar of Makhleb.
   219 | D        | Found a viscous altar of Jiyva.
   219 | D        | Found a shimmering altar of Xom.
   219 | D        | Found a corrupted altar of Lugonu.
   219 | D        | Noticed a slime creature
   233 | D        | Killed a slime creature
   233 | D        | Reached *** piety under Trog
   233 | D        | Reached skill level 10 in Unarmed Combat
   233 | D        | Reached XP level 7. HP: 57/78 MP: 6/6
   279 | D        | Noticed a kobold demonologist
   289 | D        | Killed a kobold demonologist
   289 | D        | Reached skill level 11 in Unarmed Combat
   290 | D        | Noticed a kobold demonologist
   290 | D        | Reached XP level 8. HP: 88/88 MP: 7/7
   292 | D        | Noticed a rust devil
   296 | D        | Noticed an orange demon
   296 | D        | Killed a kobold demonologist
   296 | D        | Reached **** piety under Trog
   296 | D        | Reached skill level 12 in Unarmed Combat
   343 | D        | Noticed a demonic crawler
   343 | D        | Noticed a demonic crawler
   343 | D        | Noticed a demonic crawler
   343 | D        | Noticed a demonic crawler
   349 | D        | Killed a demonic crawler
   357 | D        | Killed a demonic crawler
   357 | D        | Reached skill level 13 in Unarmed Combat
   361 | D        | Killed a demonic crawler
   361 | D        | Reached ***** piety under Trog
   361 | D        | Reached skill level 10 in Dodging
   361 | D        | Reached XP level 9. HP: 14/98 MP: 8/8
   363 | D        | Killed a demonic crawler
   522 | D        | Noticed Sonja
   529 | D        | Killed Sonja
   529 | D        | Received a gift from Trog
   529 | D        | Reached skill level 14 in Unarmed Combat
   532 | D        | Got a translucent rapier {god gift}
   534 | D        | Identified the +1 rapier "Legoh" {speed, SInv} (Trog gifted it to you in the Dungeon)
   639 | D        | Noticed a deep troll
   644 | D        | Killed a deep troll
   644 | D        | Reached skill level 1 in Stealth
   654 | D        | Found Vacucwys's Armour Emporium.
   681 | D        | Noticed a centaur warrior
   682 | D        | Noticed a centaur warrior
   690 | D        | Slain by a centaur warrior

Skill      XL: |  1  2  3  4  5  6  7  8  9 |
---------------+----------------------------+-----
Fighting       | 3 4 6 7 8 9 |  9.7
Dodging        | 3 5 6 8 10 11 | 11.0
Unarmed Combat | 4 6 8 10 11 13 14 | 14.9
Stealth        | 1 |  1.0

Action                   |  1- 3 |  4- 6 |  7- 9 || total
-------------------------+-------+-------+-------++-------
Melee: Unarmed           |    15 |    26 |    42 ||    83
       Punch             |       |     2 |     3 ||     5
Invok: Berserk           |     1 |     1 |     4 ||     6
  Use: Potion            |       |       |     1 ||     1
  Eat: Chunk             |     2 |     1 |       ||     3
       Bread ration      |       |       |     1 ||     1
Armor: Animal skin       |     7 |     2 |    12 ||    21
Dodge: Dodged            |     6 |    11 |    36 ||    53
